 Dungeon Crawl Stone Soup version 0.20.1-1-g8b1a95d66d (webtiles) character file.

734 Popi the Skirmisher (level 8, -7/63 HPs)
             Began as a Human Fighter on Dec 17, 2017.
             Mangled by a two-headed ogre
             ... wielding a +0 giant club
              (16 damage)
             ... on level 4 of the Dungeon.
             The game lasted 00:13:45 (4549 turns).

Popi the Skirmisher (Human Fighter)                 Turns: 4549, Time: 00:13:46

Health: -7/63      AC: 10    Str: 18 (20) XL:     8   Next: 4%
Magic:  8/8        EV:  7    Int:  7 (8)  God:
Gold:   128        SH:  8    Dex: 10 (12) Spells: 7/7 levels left

rFire    . . .     SeeInvis .   a - +0 long sword
rCold    . . .     Gourm    +   c - +0 shield
rNeg     . . .     Faith    .   b - +0 scale mail
rPois    .         Spirit   .   (no helmet)
rElec    .         Reflect  .   u - +0 cloak
rCorr    +         Harm     .   p - +0 pair of gloves
MR       .....                  (no boots)
Stlth    ..........             t - amulet of the gourmand
Regen    0.2/turn               e - ring of loudness (curse)
MPRegen  0.2/turn               g - ring of resist corrosion

@: no status effects
A: no striking features
a: no special abilities


You were on level 4 of the Dungeon.
You were completely stuffed.

You visited 1 branch of the dungeon, and saw 5 of its levels.

You collected 128 gold pieces.

Inventory:

Hand Weapons
 a - a +0 long sword (weapon)
Armour
 b - a +0 scale mail (worn)
 c - a +0 shield (worn)
 p - a +0 pair of gloves (worn)
 u - a +0 cloak (worn)
Jewellery
 e - a cursed ring of loudness (left hand)
 g - a ring of resist corrosion (right hand)
 t - an amulet of the gourmand (around neck)
Wands
 x - a wand of random effects (29/48)
Scrolls
 i - 2 scrolls of teleportation {unknown}
 j - 4 scrolls of remove curse {unknown}
 k - a scroll of noise {unknown}
 l - 3 scrolls of amnesia {unknown}
 m - 3 scrolls of enchant armour {unknown}
 n - 4 scrolls of recharging {unknown}
 o - a scroll of identify {unknown}
 w - 2 scrolls of immolation {unknown}
 y - a scroll of random uselessness {unknown}
 z - a scroll of magic mapping {unknown}
Potions
 d - a potion of might
 r - a potion of curing
Comestibles
 f - 6 bread rations
 q - a royal jelly
 v - 2 fruits


   Skills:
 - Level 5.6 Fighting
 - Level 5.2 Long Blades
 + Level 5.5 Armour
 - Level 3.0 Shields


You had 7 spell levels left.
You didn't know any spells.

Dungeon Overview and Level Annotations

Branches:
Dungeon (5/15)
 Temple: D:4-7

Altars:
Ru
Vehumet


Message History

The two-headed ogre hits you with a giant club!
You block the two-headed ogre's attack.
You barely miss the two-headed ogre.
The two-headed ogre is lightly wounded.
The two-headed ogre hits you with a giant club!!
The two-headed ogre hits you with a giant club!
* * * LOW HITPOINT WARNING * * *
You hit the two-headed ogre.
The two-headed ogre is lightly wounded.
The two-headed ogre hits you with a giant club.
* * * LOW HITPOINT WARNING * * *
You block the two-headed ogre's attack.
There is an open door, spattered with blood here.
There is an open door here.
There is an open door here.
You see here a giant club.
There is an open door, spattered with blood here.
The two-headed ogre hits you but does no damage.
The two-headed ogre hits you with a giant club!
You die...

#.# #.................#....#..
#.# ##................#....#..
#.# #.................#....#..
#.### #.#######...##....#######.
....# ##.....##...##....##...##.
#.#.# #.....<.#....#............
#.#.#####......#....#............
#.#...[##......O....#............
#.#....>...>..)#@...#............
..#............#....#....#####'##
###............#....+....##......
#.....##.....###'###............
###....##.....##...##............
#......##.....#....#.............
.#............'....#.............
.#............#....#.............
.#............#....#.....##....##


You could see a two-headed ogre.

Vanquished Creatures
  The ghost of Popi the Slasher, an amateur HuFi (D:3)
  An ice beast (D:5)
  2 ogres
  A bullfrog (D:4)
  An orc wizard (D:3)
  An iguana (D:4)
  2 worker ants (D:4)
  7 adders
  2 oozes (D:2)
  2 adder skeletons (D:4)
  4 worms
  5 dart slugs
  A leopard gecko (D:1)
  9 orcs
  9 bats
  7 giant cockroaches
  4 goblins (D:1)
  5 hobgoblins
  11 jackals
  7 kobolds
  3 quokkas
  6 frilled lizards
  A quokka skeleton (D:4)
  6 rats
98 creatures vanquished.

Notes
Turn   | Place    | Note
-------+----------+-------------------------------------------
     0 | D:1      | Popi the Human Fighter began the quest for the Orb.
     0 | D:1      | Reached XP level 1. HP: 18/18 MP: 1/1
    10 | D:1      | Found a radiant altar of Vehumet.
   419 | D:1      | Reached XP level 2. HP: 21/24 MP: 2/2
   797 | D:1      | Reached XP level 3. HP: 13/29 MP: 3/3
  1432 | D:2      | Reached XP level 4. HP: 29/35 MP: 4/4
  2111 | D:2      | Reached XP level 5. HP: 31/41 MP: 5/5
  2554 | D:3      | Noticed Popi's ghost (amateur HuFi)
  2990 | D:4      | Noticed an ogre
  3003 | D:4      | Killed an ogre
  3003 | D:4      | Reached XP level 6. HP: 10/49 MP: 6/6
  3259 | D:4      | Reached skill level 5 in Fighting
  3298 | D:4      | Found a sacrificial altar of Ru.
  3506 | D:4      | Reached XP level 7. HP: 47/56 MP: 7/7
  4192 | D:5      | Entered Level 5 of the Dungeon
  4205 | D:5      | Reached skill level 5 in Long Blades
  4374 | D:4      | Noticed a two-headed ogre
  4433 | D:3      | Killed Popi's ghost
  4433 | D:3      | Reached skill level 5 in Armour
  4433 | D:3      | Reached XP level 8. HP: 43/63 MP: 8/8
  4549 | D:4      | Mangled by a two-headed ogre

Skill      XL: |  1  2  3  4  5  6  7 |
---------------+----------------------+-----
Long Blades    | 3 4 5 |  5.2
Armour         | 4 5 |  5.5
Fighting       | 4 5 |  5.6
Shields        | |  3.0

Action                   |  1- 3 |  4- 6 |  7- 9 || total
-------------------------+-------+-------+-------++-------
Melee: Long sword        |   102 |   184 |    74 ||   360
  Use: Potion            |       |       |     3 ||     3
  Eat: Chunk             |     1 |    20 |     3 ||    24
Armor: Scale mail        |    55 |   107 |    60 ||   222
Dodge: Dodged            |    62 |    95 |    49 ||   206
Block: Shield            |       |     1 |     7 ||     8
       Rpst.: Long sword |    20 |    41 |    14 ||    75
